 Dungeon Crawl Stone Soup version 0.31-a0-150-g89dc3ad700 (webtiles) character file.

Game seed: 770219960895548958

576 Drazool the Sneak (level 7, 0/45 HPs)
             Began as an Octopode Hunter on June 8, 2023.
             Slain by Ijyb
             ... wielding a +0 club
              (4 damage)
             ... on level 3 of the Dungeon.
             The game lasted 00:13:40 (3524 turns).

Drazool the Sneak (Octopode Hunter)                 Turns: 3524, Time: 00:13:40

Health: 0/45       AC:  1    Str: 10    XL:     7   Next: 35%
Magic:  7/7        EV: 15    Int: 12    God:
Gold:   59         SH:  0    Dex: 17    Spells: 6/6 levels left

rFire   . . .        a - +0 shortbow
rCold   . . .        (shield currently unavailable)
rNeg    . . .        (helmet restricted)
rPois   .            (no amulet)
rElec   .            (no ring)
rCorr   .            (no ring)
SInv    .            (no ring)
Will    .....        (no ring)
Stlth   +++++        (no ring)
HPRegen 0.27/turn    (no ring)
MPRegen 0.10/turn    (no ring)
                     (no ring)

%: no passive effects
@: no status effects
A: almost no armour, amphibious, 8 rings, camouflage 1, gelatinous body 1,
(nimble swimmer 1), tentacles
a: no special abilities


You were on level 3 of the Dungeon.
You visited 1 branch of the dungeon, and saw 3 of its levels.
You also visited: Sewer.

You collected 59 gold pieces.


Innate Abilities, Weirdness & Mutations

You cannot wear most types of armour.
You are amphibious.
You can wear up to eight rings at the same time.
Your skin changes colour to match your surroundings (Stealth+).
Your rubbery body absorbs attacks. (AC +1, EV +1)
((You are camouflaged when in or above water. (Stealth+)))
You have tentacles for arms and can constrict up to eight enemies at once.


   Skills:
 + Level 2.1 Fighting
 - Level 6.1 Ranged Weapons
 * Level 4.0 Dodging
 + Level 6.8 Stealth


You had 6 spell levels left.
You didn't know any spells.
Your spell library contained the following spells:

 Spells                   Type           Power      Damage    Failure   Level
 Ozocubu's Armour         Ice            0%         N/A       69%         3
 Metabolic Englaciation   Hex/Ice        0%         N/A       100%        5
 Simulacrum               Ice/Necr       0%         N/A       100%        6

Inventory:

Hand Weapons
 a - a +0 shortbow (weapon)
Missiles
 c - 10 poisoned darts
Scrolls
 b - a scroll of butterflies
 f - a scroll of fog {unknown}
 g - 3 scrolls of fear
 i - a scroll of vulnerability {unknown}
 k - a scroll of blinking {unknown}
 m - a scroll of brand weapon {unknown}
Potions
 d - a potion of degeneration {unknown}
 e - 2 potions of enlightenment
 h - a potion of berserk rage {unknown}
 j - a potion of might {unknown}
 l - a potion of mutation {unknown}

Dungeon Overview and Level Annotations

Branches:
Dungeon (3/15)              Sewer (visited)

Altars:

Annotations:
D:3 Ijyb

▒ #.# ### .> ▒.8.▒. .▒
#.# #.. ▒...▒...▒...▒
#.# #.#
▒...▒.▒.▒...▒▒▒▒▒#.# #.#
.........!......▒#.###.#
...▒.⌠.▒.....<.▒#.....#
.............▒#..####
▒.▒.▒...▒▒▒▒▒#..#
▒Sg@▒.. #..# ▒.8†▒.
#..#### ▒...▒ #..##..
▒...▒ #..##.#
#...##########......
#...........###.##.#
###.#######.# #.##.# #.#
#.# #.##.# #.#
#.###.##.#


You could see Ijyb and an adder.


Message History

Ijyb is severely wounded.
Ijyb hits you with a +0 club.
You shoot an arrow. The arrow hits Ijyb.
Ijyb is severely wounded.
Ijyb hits you with a +0 club.
* * * LOW HITPOINT WARNING * * *
You shoot an arrow. The arrow hits Ijyb but does no damage.
Ijyb is severely wounded.
Ijyb hits you with a +0 club.
* * * LOW HITPOINT WARNING * * *
You shoot an arrow. The arrow hits Ijyb but does no damage.
Ijyb is severely wounded.
Ijyb hits you with a +0 club.
* * * LOW HITPOINT WARNING * * *
You shoot an arrow. The arrow completely misses Ijyb.
The arrow hits the adder!
The adder is almost dead.
Ijyb hits you with a +0 club.
* * * LOW HITPOINT WARNING * * *
Ijyb completely misses you.
You shoot an arrow. The arrow barely misses Ijyb.
The arrow barely misses the adder.
Ijyb hits you with a +0 club.
* * * LOW HITPOINT WARNING * * *
You shoot an arrow. The arrow hits Ijyb.
Ijyb is almost dead.
Ijyb hits you with a +0 club.
* * * LOW HITPOINT WARNING * * *
You shoot an arrow. The arrow closely misses Ijyb.
The arrow misses the adder.
Ijyb screams, "Level is mine!
All mine!"
Ijyb hits you with a +0 club.
You die...

Skill      XL: |  1  2  3  4  5  6  7 |
---------------+----------------------+-----
Stealth        | 2 3 4 5 6 |  6.8
Ranged Weapons | 5 6 |  6.1
Dodging        | 3 4 |  4.0
Fighting       | |  2.1

Action                     |  1- 3 |  4- 6 |  7- 9 || total
---------------------------+-------+-------+-------++-------
   Fire: Shortbow          |    95 |   207 |    41 ||   343
  Throw: Dart              |       |     4 |       ||     4
    Use: Scroll            |       |     4 |       ||     4
         Potion            |       |     1 |       ||     1
 Armour: Skin              |    11 |     1 |     1 ||    13
  Dodge: Dodged            |     9 |    54 |     7 ||    70

Levels and vault maps discovered:
D:1:      dpeg_arrival_renting, layout_basic
D:2:      layout_loops_corners, nicolae_ecumenical_oubliette, uniq_robin
D:3:      layout_loops_ring, portal_sewer_entry_f, nicolae_elevator_lobby_plus,
          uniq_sigmund, uniq_ijyb, uniq_natasha

Notes
Turn   | Place    | Note
-------+----------+-------------------------------------------
     0 | D:1      | Drazool the Octopode Hunter began the quest for the Orb.
     0 | D:1      | Reached XP level 1. HP: 14/14 MP: 1/1
   152 | D:1      | Reached skill level 2 in Stealth
   225 | D:1      | Reached XP level 2. HP: 19/19 MP: 2/2
   757 | D:1      | Reached skill level 3 in Stealth
   867 | D:2      | Noticed Robin
   883 | D:2      | Reached XP level 3. HP: 24/24 MP: 3/3
   909 | D:2      | Killed Robin
   974 | D:2      | Found a faded altar of an unknown god.
  1182 | D:2      | Reached skill level 4 in Stealth
  1182 | D:2      | Reached XP level 4. HP: 29/29 MP: 4/4
  1887 | D:3      | Noticed Sigmund
  1941 | D:3      | Reached skill level 5 in Ranged Weapons
  2056 | D:3      | Found a glowing drain.
  2069 | Sewer    | Entered a sewer
  2107 | Sewer    | Noticed a kobold brigand
  2115 | Sewer    | Killed a kobold brigand
  2116 | Sewer    | Reached skill level 5 in Stealth
  2116 | Sewer    | Reached XP level 5. HP: 34/34 MP: 5/5
  2134 | Sewer    | Noticed a kobold brigand
  2181 | Sewer    | Killed a kobold brigand
  2182 | Sewer    | Reached XP level 6. HP: 8/39 MP: 6/6
  2187 | Sewer    | HP: 3/39 [poisoned by a kobold brigand]
  2449 | Sewer    | Reached skill level 3 in Dodging
  2609 | Sewer    | Reached skill level 6 in Stealth
  3056 | D:3      | Killed Sigmund
  3057 | D:3      | Reached skill level 6 in Ranged Weapons
  3057 | D:3      | Reached XP level 7. HP: 17/45 MP: 7/7
  3324 | D:3      | Noticed Natasha
  3329 | D:3      | Killed Natasha
  3407 | D:3      | Noticed Natasha
  3415 | D:3      | Killed Natasha
  3416 | D:3      | Reached skill level 4 in Dodging
  3504 | D:3      | Noticed Ijyb
  3523 | D:3      | HP: 4/45 [Ijyb/+0 club (4)]
  3524 | D:3      | Slain by Ijyb

Vanquished Creatures
  Sigmund (D:3)
  3 kobold brigands (Sewer)
  Natasha (twice) (D:3)
  Robin (D:2)
  6 adders
  2 river rats (Sewer)
  3 worms (D:3)
  A dart slug (D:3)
  5 bats
  5 endoplasms
  4 giant cockroaches
  8 hobgoblins
  6 jackals
  3 quokkas
  12 ball pythons
  6 frilled lizards
  10 goblins
  2 kobolds
  4 rats
84 creatures vanquished.

Table legend: (Time is in decaauts)
 A = Elapsed time spent in this place.
 B = Non-inter-level travel time spent in this place.
 C = Inter-level travel time spent in this place.
 D = Time resting spent in this place.
 E = Time spent auto-exploring this place.
 F = Levels seen in this place.
 G = Mean time per level.
                   A        B        C        D        E       F      G
               +--------+--------+--------+--------+--------+-----+--------+
         Total |   3572 |   3503 |     69 |    255 |   2352 |   4 |  893.0 |
       Dungeon |   2638 |   2569 |     69 |      3 |   1976 |   3 |  879.3 |
         Sewer |    933 |    933 |      0 |    252 |    376 |   1 |  933.0 |
               +--------+--------+--------+--------+--------+-----+--------+

Top non-repeatable levels by time:
     D:2: 983 daAuts
   Sewer: 933 daAuts
     D:1: 864 daAuts
     D:3: 790 daAuts

Table legend:
 A = Non-vault XP
 B = Vault XP
 C = Vault XP percentage of total XP
 D = Non-vault monster count
 E = Vault monster count
 F = Vault count percentage of total count
                 A         B        C        D         E       F
            +---------+---------+-------+---------+---------+-------
      Total |     152 |     671 |  81.5 |      49 |      35 |  41.7
            +---------+---------+-------+---------+---------+-------
        D:1 |      32 |       0 |   0.0 |      20 |       0 |   0.0
        D:2 |      45 |      30 |  40.0 |      18 |       9 |  33.3
        D:3 |      75 |     265 |  77.9 |      11 |       4 |  26.7
      Sewer |       0 |     376 | 100.0 |       0 |      22 | 100.0
            +---------+---------+-------+---------+---------+-------
